 Dungeon Crawl Stone Soup version 0.31-a0-40-g1d5085d191 (webtiles) character file.

Game seed: 12223988963400398312

191 halvedace the Grasshopper (level 5, 45/45 HPs) *EXPLORE*
             Began as a Ghoul Warper on May 16, 2023.
             Quit the game on level 3 of the Dungeon on May 17, 2023.
             The game lasted 00:06:45 (1968 turns).

halvedace the Grasshopper (Ghoul Warper)            Turns: 1968, Time: 00:06:46

Health: 45/45      AC:  4    Str: 15    XL:     5   Next: 70%
Magic:  7/7        EV: 11    Int: 10    God:
Gold:   862        SH:  0    Dex:  8    Spells: 8/8 levels left

rFire   . .          .
                       - Unarmed
rCold   + . .        (no shield)
rNeg    + + +        a - +1 leather armour
rPois   ∞            (no helmet)
rElec   .            (no cloak)
rCorr   .            (no gloves)
SInv    .            (no boots)
Will    .....        (no amulet)
Stlth   +            (no ring)
HPRegen 0.27/turn    (no ring)
MPRegen 0.10/turn

%: no passive effects
@: no status effects
A: claws 1, cold resistance 1, negative energy resistance 3, inhibited
regeneration, torment resistance 2, devour on kill
a: no special abilities


You were on level 3 of the Dungeon.
You visited 1 branch of the dungeon, and saw 3 of its levels.

You collected 918 gold pieces.
You spent 56 gold pieces at shops.

Inventory:

Hand Weapons
 h - the +5 mace of Extinguishment {venom, *Slow rPois Int+2 Stlth+}
   (You found it on level 2 of the Dungeon)

   Int:       It affects your intelligence (+2).
   rPois:     It protects you from poison.
   *Slow:     It may slow you when you take damage.
   Stlth:     It makes you more stealthy.
Missiles
 c - 5 boomerangs of dispersal (quivered)
Armour
 a - a +1 leather armour (worn)
Jewellery
 e - a ring of resist corrosion
 k - an amulet of faith
Scrolls
 b - 2 scrolls of blinking
 g - a scroll of amnesia
 j - 3 scrolls of poison
 l - a scroll of fog
 o - 2 scrolls of identify
Potions
 d - a potion of degeneration
 f - 4 potions of ambrosia
 i - a potion of curing
 m - a potion of mutation
 n - a potion of attraction


   Skills:
 + Level 3.1 Fighting
 + Level 2.0 Throwing
 + Level 1.9 Armour
 + Level 2.5 Dodging
 + Level 3.0 Unarmed Combat
 + Level 2.4 Spellcasting
 + Level 3.1 Translocations


You had 8 spell levels left.
You didn't know any spells.
Your spell library contained the following spells:

 Spells                   Type           Power      Damage    Failure   Level
 Blink                    Tloc           14%        N/A       16%         2
 Lesser Beckoning         Tloc           14%        N/A       16%         2
 Teleport Other           Tloc           7%         N/A       30%         3
 Static Discharge         Conj/Air       2%         2-3/arc   50%         2
 Vhi's Electric Charge    Tloc/Air       8%         N/A       50%         3
 Volatile Blastmotes      Fire/Tloc      8%         2d10      50%         3
 Manifold Assault         Tloc           7%         N/A       69%         4
 Dazzling Flash           Conj/Hex       2%         N/A       73%         3
 Iskenderun's Mystic Bla  Conj/Tloc      4%         2d3       88%         4
 Airstrike                Air            0%         2d(1-17)  98%         4
 Summon Lightning Spire   Summ/Air       1%         N/A       98%         4
 Starburst                Conj/Fire      0%         6d3       100%        6


Dungeon Overview and Level Annotations

Branches:
Dungeon (3/15)

Altars:
Ashenzari

Shops:
D:2 *


Innate Abilities, Weirdness & Mutations

You are immune to poison.
You have sharp fingernails.
Your flesh is cold resistant. (rC+)
You are immune to negative energy. (rN+++)
You do not regenerate when monsters are visible.
You are immune to unholy pain and torment.
You thrive by killing the living.


Message History

You closely miss the orc.
The orc is moderately wounded.
The bat hits you but does no damage. The orc completely misses you.
You barely miss the orc.
The orc is moderately wounded.
The bat hits you but does no damage.
The orc hits you with a +0 short sword of venom.
You closely miss the orc.
The orc is moderately wounded.
The orc hits you with a +0 short sword of venom.
You scratch the orc.
You kill the orc!
The bat closely misses you.
You see here a +0 short sword of venom.
You claw the bat!
You kill the bat!
No target in view!
You see here a bat corpse.
j - 3 scrolls of poison (gained 1)
Found a short sword.
You see here a +0 short sword.
You now have 862 gold pieces (gained 16).
You see here a +0 short sword.
Found an escape hatch in the ceiling.
You see here a bat corpse.
Things that are here:
a +0 giant spiked club; an ogre corpse An endoplasm comes into view.
The endoplasm quivers.
You barely miss the endoplasm. The endoplasm freezes you.
You are frozen.
You resist.
You scratch the endoplasm but do no damage.
The endoplasm closely misses you.
You claw the endoplasm!
You kill the endoplasm!
Welcome back, halvedace the Ghoul Warper.
Press ? for a list of commands and other information.
Unknown command.
Are you sure you want to abandon this character and quit the game? (Confirm with "yes".)

.........# #.# #######.##
#.# #.# #.# #.# #.#
#####.## #.# #...<..# #.#
.# #.###..# #.#
##.########.###..# #.#
#........@.......# #.#
#..########..###.#######.#
#..# ##.# #.##......#
#..## #.# #.##.######
####...## #.# #.##.#
#.....#.##### #.# #.##.#
#.#.#...†...# #.###.##.#
#.#.###.##..# #........#
#)##...###<## ####.##..#


There were no monsters in sight!

Vanquished Creatures
  An ogre (D:3)
  3 adders (D:2)
  A worm (D:2)
  2 dart slugs (D:2)
  4 orcs (D:3)
  7 ball pythons
  3 bats
  9 endoplasms
  6 giant cockroaches
  7 goblins
  4 hobgoblins
  A jackal (D:2)
  3 quokkas
  2 frilled lizards (D:1)
  4 kobolds (D:1)
  5 rats
62 creatures vanquished.

Vanquished Creatures (collateral kills)
  A goblin (D:1)
1 creature vanquished.

Grand Total: 63 creatures vanquished

Notes
Turn   | Place    | Note
-------+----------+-------------------------------------------
     0 | D:1      | halvedace the Ghoul Warper began the quest for the Orb.
     0 | D:1      | Reached XP level 1. HP: 17/17 MP: 2/2
    29 | D:1      | Entered explore mode.
    31 | D:1      | Slain by a goblin
                  | ... wielding a +0 club
                  | (3 damage)
    39 | D:1      | Reached skill level 1 in Throwing
    39 | D:1      | Reached skill level 1 in Armour
    45 | D:1      | Reached XP level 2. HP: 12/25 MP: 3/3
   547 | D:1      | Reached XP level 3. HP: 30/30 MP: 5/5
   876 | D:2      | Found Luixugag's Assorted Antiques.
   897 | D:2      | Bought 2 scrolls labelled BUWKUS XOPP for 56 gold pieces
   934 | D:2      | Identified the scarf of Weightlessness {rC+ rF+, -Cast
                  | Rampage rElec Slay+5}
   949 | D:2      | Found a broken altar of Ashenzari.
  1054 | D:2      | Identified the +5 mace of Extinguishment {venom, *Slow
                  | rPois Int+2 Stlth+}
  1133 | D:2      | Reached XP level 4. HP: 36/37 MP: 6/6
  1253 | D:2      | Identified a scroll of acquirement
  1253 | D:2      | Acquired 809 gold pieces
  1688 | D:3      | Noticed an ogre
  1698 | D:3      | Demolished by an ogre
                  | ... wielding a +0 giant spiked club
                  | (30 damage)
  1707 | D:3      | Slain by an ogre
                  | ... wielding a +0 giant spiked club
                  | (23 damage)
  1713 | D:3      | Killed an ogre
  1714 | D:3      | Reached XP level 5. HP: 34/45 MP: 7/7
  1968 | D:3      | Upgraded the game from 0.31-a0-38-g1548c4f2a5 to
                  | 0.31-a0-40-g1d5085d191
  1968 | D:3      | Quit the game

Illustrated notes

Levels and vault maps discovered:
D:1:      psy_arrival_dodecagon, layout_basic, chequers_hall_statues_corner_a,
          minmay_misc_feat_cross, minmay_pentomino_u4
D:2:      minmay_inner_zag, layout_rooms, basic_altar, serial_shops,
          nicolae_shop_dealshenge, minmay_worlds_worst_comb
D:3:      layout_loops_ring, shapermc_ecumenical_altar_mp_highgroup

Skill      XL: |  1  2  3  4 |
---------------+-------------+-----
Throwing       | 1 2 |  2.0
Armour         | 1 |  1.9
Dodging        | 2 |  2.5
Spellcasting   | 2 |  2.4
Translocations | 3 |  3.1
Fighting       | 3 |  3.1
Unarmed Combat | 3 |  3.0

Action                     |  1- 3 |  4- 6 || total
---------------------------+-------+-------++-------
  Melee: Unarmed           |   126 |    97 ||   223
         Punch             |     1 |     1 ||     2
  Throw: Boomerang         |       |     2 ||     2
    Use: Scroll            |     9 |     5 ||    14
 Armour: Leather armour    |    33 |    40 ||    73
  Dodge: Dodged            |    93 |    86 ||   179

Table legend: (Time is in decaauts)
 A = Elapsed time spent in this place.
 B = Non-inter-level travel time spent in this place.
 C = Inter-level travel time spent in this place.
 D = Time resting spent in this place.
 E = Time spent auto-exploring this place.
 F = Levels seen in this place.
 G = Mean time per level.
                   A        B        C        D        E       F      G
               +--------+--------+--------+--------+--------+-----+--------+
         Total |   1956 |   1916 |     40 |      0 |   1467 |   3 |  652.0 |
       Dungeon |   1956 |   1916 |     40 |      0 |   1467 |   3 |  652.0 |
               +--------+--------+--------+--------+--------+-----+--------+

Top non-repeatable levels by time:
     D:1: 783 daAuts
     D:2: 714 daAuts
     D:3: 457 daAuts
